 Dungeon Crawl Stone Soup version 0.27.1-1-g398f81649c (webtiles) character file.

Game seed: 15244282280749642849

362629 ABBCCCDDDD the Black Belt (level 22, -46/209 HPs)
             Began as an Octopode Monk on Sept 16, 2021.
             Was an Initiate of Gozag.
             Killed by Shatter
             ... invoked by Hycionoc's ghost
              (164 damage)
             ... on level 1 of the Depths on Sept 17, 2021.
             The game lasted 02:27:45 (69304 turns).

ABBCCCDDDD the Black Belt (Octopode Monk)          Turns: 69304, Time: 02:27:46

Health: -46/209    AC: 36    Str: 16    XL:     22   Next: 48%
Magic:  45/45      EV: 18    Int: 23    God:    Gozag
Gold:   8906       SH: 20    Dex: 15    Spells: 7/41 levels left

rFire    + + +     SeeInvis +     - Unarmed
rCold    + + +     Faith    .   n - +2 shield of Resistance {rF++ rC++ Will++}
rNeg     + + .     Spirit   .   N - +2 hat
rPois    ∞         Reflect  +   T - amulet of reflection
rElec    +         Harm     .   z - ring of Mistrust {Wiz rC+ Str+5}
rCorr    .         Rampage  .   y - ring of flight
Will     +++++                  J - ring of the Mage {Wiz Will++ Int+3}
Stlth    +++.......             D - ring of Hefoyps {rPois rF++ AC+4 Str-3 SInv}
HPRegen  0.44/turn              K - +4 ring of protection
MPRegen  0.29/turn              L - ring of magical power
                                R - ring of Ruxuusititt {rF+ rC+ rN+ Str+2}
                                Y - +4 ring of slaying

@: about to teleport, statue-form, gold aura, flying, very slow
A: slow and powerful, torment resistance 1, boosted hp, almost no armour,
amphibious, 8 rings, camouflage 1, (gelatinous body 1), (nimble swimmer 1),
tentacles
}: 2/15 runes: barnacled, gossamer
a: End Transformation, Renounce Religion, Potion Petition, Call Merchant, Bribe
Branch


You were on level 1 of the Depths.
You worshipped Gozag.
Gozag was greatly pleased with you.
You were a living statue of rough stone.
You visited 8 branches of the dungeon, and saw 37 of its levels.
You visited 1 bazaar.
You also visited: Bailey.

You collected 17681 gold pieces.
You spent 6601 gold pieces at shops.
You paid 2174 gold pieces to Gozag.

Inventory:

Missiles
 l - 48 poisoned darts (quivered)
 p - 11 throwing nets
 s - 50 javelins
Armour
 n - the +2 shield of Resistance (worn) {rF++ rC++ Will++}
   (You bought it in a shop on level 2 of the Orcish Mines)

   rF:        It greatly protects you from fire.
   rC:        It greatly protects you from cold.
   Will:      It greatly increases your willpower.
 N - a +2 hat (worn)
Jewellery
 k - the ring of Doklot {rPois rN++ rCorr Dex-4}
   (You found it on level 3 of the Spider Nest)

   [ring of resist corrosion]

   Dex:       It affects your dexterity (-4).
   rPois:     It protects you from poison.
   rN:        It greatly protects you from negative energy.
   rCorr:     It protects you from acid and corrosion.
 v - the amulet of Honoloit {Regen+ Str+3}
   (You bought it in a shop on level 1 of the Orcish Mines)

   [amulet of regeneration]

   Str:       It affects your strength (+3).
   Regen:     It increases your rate of health regeneration.
 y - a ring of flight (right tentacle)
 z - the ring of Mistrust (left tentacle) {Wiz rC+ Str+5}
   (You found it on level 7 of the Dungeon)

   [ring of wizardry]

   It improves your spell success rate.
   Str:       It affects your strength (+5).
   rC:        It protects you from cold.
 D - the ring of Hefoyps (on tentacle) {rPois rF++ AC+4 Str-3 SInv}
   (You found it on level 8 of the Dungeon)

   [ring of protection]

   AC:        It affects your AC (+4).
   Str:       It affects your strength (-3).
   rF:        It greatly protects you from fire.
   rPois:     It protects you from poison.
   SInv:      It lets you see invisible.
 J - the ring of the Mage (on tentacle) {Wiz Will++ Int+3}
   (You bought it in a shop on level 3 of the Spider Nest)

   [ring of wizardry]

   It improves your spell success rate.
   Int:       It affects your intelligence (+3).
   Will:      It greatly increases your willpower.
 K - a +4 ring of protection (on tentacle)
 L - a ring of magical power (on tentacle)
 R - the ring of Ruxuusititt (on tentacle) {rF+ rC+ rN+ Str+2}
   (You bought it in a shop on level 1 of the Orcish Mines)

   [ring of positive energy]

   Str:       It affects your strength (+2).
   rF:        It protects you from fire.
   rC:        It protects you from cold.
   rN:        It protects you from negative energy.
 T - an amulet of reflection (around mantle)
 Y - a +4 ring of slaying (on tentacle)
Wands
 g - a wand of iceblast (28)
 i - a wand of mindburst (10)
 M - a wand of charming (41)
 V - a wand of flame (122)
 X - a wand of digging (9)
 Z - a wand of paralysis (3)
Scrolls
 f - 5 scrolls of immolation
 m - 5 scrolls of enchant weapon
 r - 8 scrolls of enchant armour
 t - 2 scrolls of magic mapping
 w - 2 scrolls of silence
 A - 14 scrolls of teleportation
 E - 4 scrolls of blinking
 F - a scroll of summoning
 G - 13 scrolls of identify
 H - a scroll of fear
 I - 3 scrolls of fog
 O - 3 scrolls of torment
 P - a scroll of holy word
 Q - a scroll of vulnerability
Potions
 a - 3 potions of magic
 b - 4 potions of haste
 c - a potion of invisibility
 d - 6 potions of lignification
 e - a potion of resistance
 h - 9 potions of might
 j - 6 potions of heal wounds
 o - 2 potions of attraction
 q - 8 potions of brilliance
 u - 5 potions of mutation
 x - 11 potions of curing
 C - 6 potions of ambrosia
 S - 2 potions of cancellation
 U - a potion of berserk rage
Miscellaneous
 B - a phial of floods
 W - a lightning rod (4/4)


   Skills:
 + Level 16.4 Fighting
 + Level 11.3 Dodging
 - Level 2.6 Stealth
 - Level 15.0 Shields
 + Level 18.3 Unarmed Combat
 + Level 10.1 Spellcasting
 - Level 9.0 Conjurations
 - Level 4.0 Hexes
 - Level 11.0 Transmutations
 - Level 7.0 Fire Magic
 - Level 10.0 Air Magic
 - Level 10.0 Earth Magic
 - Level 6.6 Poison Magic
 - Level 10.0 Evocations


You had 7 spell levels left.
You knew the following spells:

 Your Spells              Type           Power      Damage    Failure   Level
a - Passwall              Tmut/Erth      46%        N/A       1%          2
b - Mephitic Cloud        Conj/Pois/Air  50%        N/A       1%          3
c - Bolt of Magma         Conj/Fire/Erth 25%        4d12      1%          5
d - Fulminant Prism       Conj/Hex       20%        3d13      1%          4
e - Petrify               Tmut/Erth      56%        N/A       1%          4
f - Stone Arrow           Conj/Erth      100%       3d13      1%          3
g - Statue Form           Tmut/Erth      37%        N/A       3%          6
h - Storm Form            Tmut/Air       28%        N/A       17%         7

Your spell library contained the following spells:

 Spells                   Type           Power      Damage    Failure   Level
 Animate Skeleton         Necr           22%        N/A       1%          1
 Beastly Appendage        Tmut           100%       N/A       1%          1
 Corona                   Hex            33%        N/A       1%          1
 Magic Dart               Conj           100%       1d8       1%          1
 Pain                     Necr           44%        1d6       1%          1
 Sandblast                Erth           100%       2d20      1%          1
 Shock                    Conj/Air       100%       1d9       1%          1
 Summon Small Mammal      Summ           44%        N/A       1%          1
 Ensorcelled Hibernation  Hex/Ice        40%        N/A       1%          2
 Searing Ray              Conj           100%       3d7       1%          2
 Wereblood                Tmut           58%        N/A       1%          2
 Conjure Flame            Conj/Fire      48%        6-21      1%          3
 Dazzling Flash           Conj/Hex       82%        N/A       1%          3
 Ignite Poison            Fire/Tmut/Pois 49%        N/A       1%          3
 Spider Form              Tmut/Pois      25%        N/A       1%          3
 Swiftness                Air            55%        N/A       1%          3
 Tukima's Dance           Hex            30%        N/A       1%          3
 Sticky Flame             Conj/Fire      48%        2d7       1%          4
 Summon Lightning Spire   Summ/Air       34%        N/A       1%          4
 Fireball                 Conj/Fire      24%        3d11      1%          5
 Irradiate                Conj/Tmut      27%        3d22      1%          5
 Lee's Rapid Deconstruct  Erth           27%        3d16*     1%          5
 Sublimation of Blood     Necr           5%         N/A       2%          2
 Summon Guardian Golem    Hex/Summ       20%        N/A       2%          3
 Silence                  Hex/Air        21%        N/A       2%          5
 Call Canine Familiar     Summ           11%        N/A       4%          3
 Vampiric Draining        Necr           5%         2d6       4%          3
 Starburst                Conj/Fire      24%        6d8       9%          6
 Passage of Golubria      Tloc           N/A        N/A       16%         4
 Metabolic Englaciation   Hex/Ice        10%        N/A       17%         5
 Agony                    Necr           11%        N/A       36%         5
 Excruciating Wounds      Necr           5%         N/A       36%         5
 Invisibility             Hex            15%        N/A       38%         6
 Maxwell's Capacitive Co  Air            27%        ∞         80%         8
 Lehudib's Crystal Spear  Conj/Erth      26%        10d7      85%         8
 Ignition                 Fire           21%        3d8       99%         8
 Animate Armour           Summ/Erth      Unusable   N/A       N/A         4

Dungeon Overview and Level Annotations

Branches:
Dungeon (15/15)            Temple (1/1) D:6            Lair (6/6) D:11
 Shoals (4/4) Lair:3       Spider (4/4) Lair:3        Slime (0/5) Lair:5
    Orc (2/2) D:11            Elf (0/3) Orc:2        Vaults (4/5) D:14
  Crypt (0/3) Vaults:3     Depths (1/5) D:15         Bailey (visited)

Altars:
Ashenzari
Cheibriados
Dithmenos
Elyvilon
Fedhas
Gozag
Hepliaklqana
Kikubaaqudgha
Makhleb
Nemelex Xobeh
Okawaru
Qazlal
Ru
Sif Muna
Trog
Uskayaw
Vehumet
Wu Jian
Xom
Yredelemnul
Zin
The Shining One
Beogh
Jiyva

Shops:
D:7 [   D:9 *   D:11 =   D:15 [*   Orc:1 *=   Orc:2 *(=[*   Spider:3 =
Vaults:1 (   Vaults:2 [*   Vaults:3 (   Depths:1 [*

Portals:
Hell: Depths:1
Abyss: Depths:1

Annotations:
D:4 2 transporters
D:8 exclusions: ice statue and orange crystal statue
D:15 1 runed translucent door
Lair:4 3 runed translucent doors, PeterMcNeter's ghost, journeyman DrAE
Lair:5 exclusion: downstairs
Depths:1 Hycionoc's ghost, master GrEE


Innate Abilities, Weirdness & Mutations

You are a living statue of rough stone.
Your actions are slow, but your melee attacks are powerful.
You are resistant to unholy torment.
Your maximum health is greatly increased.
You are immune to poison.
You cannot wear most types of armour.
You are amphibious.
You can wear up to eight rings at the same time.
Your skin changes colour to match your surroundings (Stealth+).
((Your rubbery body absorbs attacks. (AC +1, EV +1)))
((You are camouflaged near water. (Stealth+)))
You have tentacles for arms and can constrict up to eight enemies at once.


Message History

The spectral iron dragon claws you but does no damage.
The spectral iron dragon tramples you but does no damage.
Hycionoc's ghost is distracted by your dazzling golden aura.
You block the spectral sphinx's attack. The spectral sphinx barely misses you.
The spectral sphinx hits you but does no damage.
The spectral tengu reaver is distracted by your dazzling golden aura.
Hycionoc's ghost turns its malevolent gaze towards you.
You batter Hycionoc's ghost!!
Hycionoc's ghost is no longer distracted by gold.
Your tentacle-slap misses Hycionoc's ghost.
Hycionoc's ghost is moderately damaged.
The spectral sphinx is no longer distracted by gold.
The spectral tengu reaver is no longer distracted by gold.
You block the spectral iron dragon's attack.
The spectral iron dragon claws you but does no damage.
The spectral iron dragon tramples you but does no damage.
The spectral iron dragon is distracted by your dazzling golden aura.
Hycionoc's ghost points at you and mumbles some strange words.
The iron shot hits you!!!
The spectral sphinx is distracted by your dazzling golden aura.
The spectral tengu reaver is distracted by your dazzling golden aura.
As you read the scroll of teleportation, it crumbles to dust.
You feel strangely unstable.
The spectral sphinx is no longer distracted by gold.
The spectral iron dragon is no longer distracted by gold.
You block the spectral sphinx's attack. x3
Hycionoc's ghost hits you but does no damage.
The spectral iron dragon bites you but does no damage.
You block the spectral iron dragon's attack.
The spectral iron dragon tramples you but does no damage.
You batter the spectral iron dragon!!
You destroy the spectral iron dragon!
You block the spectral sphinx's attack. The spectral sphinx barely misses you.
The spectral sphinx misses you.
Hycionoc's ghost gestures wildly while chanting.
The dungeon rumbles around Hycionoc's ghost!
You shudder from the earth-shattering force!!!!!
Ouch! That really hurt!
You die...
Your body crumbles into a pile of gold.

##>..............).[........≈≈...
#.................<)......≈≈≈≈...
..........................≈≈.....
.................................
.......................#.........
.......................##........
..............##.##########......
#.....#..........#.#.#.###.#.....
................8#Z..?)#.........
...............W$Z...?##.≈.......
................ZZ...!.#.........
....##.#.........'...?##.........
#....#...........#...[)#.........
###..............#.#.#.#.........
#..............#######.#.......
##..................#..##......
#.............................


You could see a spectral iron dragon, 2 spectral sphinxes, a spectral tengu
reaver and Hycionoc's ghost.

Levels and vault maps discovered:
D:1:      mainiacjoe_arrival_reflecting_pool, layout_rooms,
          hellmonk_ecumenical_altar_slurped_away
D:2:      layout_rooms, uniq_sigmund
D:3:      layout_rooms, hangedman_ru_absence, cheibriados_altar_1,
          minmay_goblin_kobold_house
D:4:      gammafunk_cloud_chamber, layout_loops_ring
D:5:      layout_basic, lemuel_tele_altar, mainiacjoe_overflow_brackets,
          sigmund_army
D:6:      layout_loops_ring, nicolae_qazlal_scattered_showers,
          minmay_temple_entry_metal_lava, serial_bayou_ford_a, uniq_pikel
D:7:      layout_basic, serial_shops, shop, uniq_menkaure, uniq_duvessa,
          uniq_prince_ribbit1
D:8:      minmay_separated_statues, layout_basic,
          nicolae_gozag_cash_rules_everything_around_me,
          ebering_dispersal_statue_hall, uniq_erica, uniq_harold
D:9:      layout_roguey, okawaru_altar_gauntlet_db, serial_shops,
          nicolae_shop_stone
D:10:     layout_irregular_city, enter_bailey_3, minmay_rotating_lava
D:11:     layout_basic, due_lair_maze_entry_diamond, erik_orc_2, serial_shops,
          shop, hangedman_decor_peaks_small
D:12:     layout_cave_pods
D:13:     layout_roguey, ebering_ghost_xom, uniq_rupert
D:14:     layout_rooms, erik_vaults_1, nicolae_two_hexagons,
          minmay_misc_feat_hallway
D:15:     grunt_enter_depths_snipers, layout_loops_corners,
          minmay_strange_pillars, serial_shops, shop, shop, lightli_airlock
Temple:   regret_index_temple_waves
Lair:1:   layout_regular_city, gauntlet_entry_generic, serial_bayou_pond_e
Lair:2:   layout_gridlike
Lair:3:   layout_long_grid, elwin_shoals_entry_rooms, spider_nest_entry_a
Lair:4:   layout_roguey, maelrawn_ghost_gauntlet_escape,
          minmay_lair_oklob_chamber, grunt_megastairs_3, serial_bayou_shore_a,
          uniq_sonja
Lair:5:   layout_regular_city, slime_altar_1, infiniplex_staircase_pool,
          lemuel_fruit_fields
Lair:6:   evilmike_catoblepas_cave, layout_concentric_octagons
Shoals:1: layout_shoals, nicolae_shoals_beach_cooler
Shoals:2: layout_shoals, serial_shops, bzr_entry_lakeside,
          nicolae_shoals_hidden_pirate_stash, uniq_donald, uniq_nikola
Shoals:3: layout_shoals, kb_tengu_band
Shoals:4: shoals_end_grunt_ice, layout_shoals, uniq_bai_suzhen
Spider:1: layout_spider_delve
Spider:2: layout_spider_delve, drop_trap
Spider:3: layout_spider_delve
Spider:4: grunt_spider_rune_island
Orc:1:    layout_diamond_mine, nooodl_orcs_dogs
Orc:2:    st_orc_elflike, layout_caves, basic_altar, serial_shops, shop
Vaults:1: v_pattern_2, grunt_vaults_swirl, ontoclasm_vaults_ring_small,
          nicolae_vaults_alarming, v_rooms_2, v_misc_11,
          dpeg_vaults_monster_box, ontoclasm_vaults_pinch, vaults_dpeg_ring,
          vaults_room_pools, v_misc_8, nicolae_vaults_shelves_hall,
          layout_vaults_maze
Vaults:2: nicolae_vaults_good_morning_starshine, v_misc_11, v_misc_12,
          vaults_room_semicircle, hangedman_vaults_stream,
          grunt_vaults_trifunnel, vaults_dpeg_diagonal, vaults_dpeg_doors,
          nicolae_vaults_little_squares_5, vaults_dpeg_encased_lava,
          nicolae_vaults_sealed_display, layout_vaults_omnibox, serial_shops,
          shop_statue, nicolae_shop_window_shopping
Vaults:3: grunt_vaults_hallway_long, vaults_mumra_minichess,
          nicolae_vaults_ninety_degrees, hangedman_vaults_impose, v_misc_17,
          hangedman_vaults_slither, grunt_vaults_funnel,
          minmay_crypt_entry_necro_gods, nicolae_vaults_little_squares_5,
          special_room_vaults [special_room_orc], layout_vaults_chaotic_city,
          serial_shops, nicolae_diamond_shop, uniq_margery
Vaults:4: vaults_mumra_minichess_inversion, vaults_mumra_hexcomb,
          vaults_dpeg_spiral, hangedman_vaults_nodes, vaults_room_guarded_vault,
          ontoclasm_vaults_ring_small, v_alt_pattern_6, ontoclasm_vaults_tryst,
          v_misc_2, nicolae_vaults_border_crossing, ontoclasm_vaults_twist,
          nicolae_vaults_rhombus_5, layout_vaults_ring, uniq_mara, uniq_sojobo
Depths:1: layout_cave_pools, hell_entry, grunt_decor_one_mirror, serial_shops,
          nicolae_lakefront_shop, nicolae_abyss_entry_one_way_or_another,
          gammafunk_ghost_necromancy, nicolae_shop_sticking_my_neck_out

Notes
Turn   | Place    | Note
-------+----------+-------------------------------------------
     0 | D:1      | ABBCCCDDDD the Octopode Monk began the quest for the Orb.
     0 | D:1      | Reached XP level 1. HP: 16/16 MP: 1/1
   216 | D:1      | Reached XP level 2. HP: 21/21 MP: 2/2
   563 | D:1      | Found a faded altar of an unknown god.
   718 | D:2      | Noticed Sigmund
   981 | D:2      | Reached XP level 3. HP: 24/26 MP: 3/3
  1233 | D:3      | Noticed a sky beast
  1260 | D:3      | Found a snail-covered altar of Cheibriados.
  1291 | D:3      | Learned a level 2 spell: Passwall
  1729 | D:3      | Reached skill level 4 in Unarmed Combat
  1916 | D:4      | Reached XP level 4. HP: 19/31 MP: 1/4
  2170 | D:4      | Reached XP level 5. HP: 33/37 MP: 3/5
  2565 | D:4      | Reached skill level 5 in Unarmed Combat
  2575 | D:4      | Found a transporter.
  2589 | D:4      | Noticed a fire bat
  2589 | D:4      | Noticed a fire bat
  3019 | D:5      | Entered Level 5 of the Dungeon
  3031 | D:5      | Reached XP level 6. HP: 36/43 MP: 4/6
  3409 | D:5      | Found a glowing silver altar of Zin.
  3593 | D:5      | Noticed a black bear
  3963 | D:5      | Reached skill level 6 in Unarmed Combat
  4058 | D:5      | Found a shadowy altar of Dithmenos.
  4079 | D:5      | Learned a level 3 spell: Mephitic Cloud
  4174 | D:6      | Reached skill level 1 in Poison Magic
  4174 | D:6      | Reached XP level 7. HP: 49/49 MP: 7/7
  4213 | D:6      | Reached skill level 1 in Conjurations
  4213 | D:6      | Reached skill level 1 in Air Magic
  4216 | D:6      | Reached skill level 1 in Spellcasting
  4525 | D:6      | Noticed Pikel
  4867 | D:5      | Killed Pikel
  4868 | D:5      | Reached skill level 5 in Fighting
  4868 | D:5      | Reached XP level 8. HP: 46/56 MP: 7/11
  4964 | D:6      | Found a stormy altar of Qazlal.
  5016 | D:6      | Found a staircase to the Ecumenical Temple.
  5028 | Temple   | Entered the Ecumenical Temple
  5975 | D:7      | Found Meat's Armour Boutique.
  6085 | D:7      | Noticed Duvessa
  6088 | D:7      | Noticed Dowan
  6111 | D:7      | Killed Duvessa
  6368 | D:7      | Killed Dowan
  6369 | D:7      | Reached skill level 5 in Poison Magic
  6394 | D:7      | Noticed Prince Ribbit
  6997 | D:6      | Reached XP level 9. HP: 18/63 MP: 6/12
  8101 | D:7      | Noticed Menkaure
  8318 | D:7      | Identified the +0 ring mail of Melancholy {rF+}
  8546 | D:7      | Killed Prince Ribbit
  9861 | D:8      | Noticed an orange crystal statue
  9874 | D:8      | Noticed Harold
 10237 | D:8      | Found an opulent altar of Gozag.
 10245 | D:8      | Became a worshipper of Gozag Ym Sagoz the Greedy
 10525 | D:7      | Identified the ring of Mistrust {Wiz rC+ Str+5}
 10535 | D:7      | Learned a level 5 spell: Bolt of Magma
 10661 | D:8      | HP: 2/66 [wyvern (15)]
 10920 | D:9      | Noticed a two-headed ogre
 11378 | D:9      | Reached skill level 1 in Earth Magic
 11383 | D:9      | Reached skill level 1 in Fire Magic
 11712 | D:9      | Identified the +5 spear "Luosmi" {vamp, rC+}
 12217 | D:2      | Killed Sigmund
 12436 | D:3      | Reached XP level 10. HP: 74/74 MP: 14/14
 12575 | D:3      | Found a sacrificial altar of Ru.
 12937 | D:4      | Found a transporter.
 13234 | D:8      | Noticed Erica
 13236 | D:8      | Identified the ring of Hefoyps {rPois rF++ AC+4 Str-3 SInv}
 13648 | D:8      | Noticed an ice statue
 13967 | D:7      | Killed Erica
 14455 | D:8      | Reached skill level 5 in Conjurations
 14658 | D:9      | Found Taxoos's General Store.
 14665 | D:9      | Bought a scroll of teleportation for 45 gold pieces
 14665 | D:9      | Bought a potion of curing for 45 gold pieces
 14665 | D:9      | Bought a scroll of summoning for 142 gold pieces
 14733 | D:9      | Killed a two-headed ogre
 14964 | D:9      | Found an iron altar of Okawaru.
 15113 | D:10     | Entered Level 10 of the Dungeon
 15604 | D:10     | Found a flagged portal.
 15645 | Bailey   | Entered a bailey
 16179 | Bailey   | Reached skill level 5 in Fire Magic
 16253 | Bailey   | Reached skill level 5 in Earth Magic
 16305 | Bailey   | Reached XP level 11. HP: 75/80 MP: 3/15
 17169 | D:9      | Learned a level 4 spell: Fulminant Prism
 18178 | D:10     | Reached skill level 1 in Evocations
 18182 | D:10     | Reached skill level 1 in Hexes
 18188 | D:10     | Noticed a two-headed ogre
 18903 | D:11     | Noticed a cyclops
 19095 | D:11     | Killed a cyclops
 19469 | D:11     | Found a staircase to the Orcish Mines.
 19657 | D:11     | Noticed a two-headed ogre
 19671 | D:11     | Killed a two-headed ogre
 19900 | D:11     | Found a staircase to the Lair.
 19909 | D:11     | Learned a level 4 spell: Petrify
 20165 | D:11     | Found Desud's Jewellery Boutique.
 20175 | D:11     | Bought the amulet of Vuduqop {Spirit *Corrode rC+ Will+++
                  | Regen+} for 744 gold pieces
 20175 | D:11     | Bought a +4 ring of protection for 540 gold pieces
 20762 | D:12     | Reached skill level 1 in Shields
 20897 | D:12     | Reached XP level 12. HP: 84/85 MP: 16/18
 21247 | Lair:1   | Entered Level 1 of the Lair of Beasts
 21797 | Lair:1   | Reached skill level 5 in Spellcasting
 22597 | Lair:1   | Reached skill level 5 in Evocations
 23497 | Lair:2   | Noticed a death yak
 23497 | Lair:2   | Noticed a death yak
 23905 | Lair:2   | Noticed a death yak
 24284 | Lair:3   | Reached skill level 1 in Transmutations
 24931 | Lair:3   | Found a staircase to the Shoals.
 25193 | Lair:3   | Found a hole to the Spider Nest.
 25948 | Lair:4   | Learned a level 3 spell: Stone Arrow
 26188 | Lair:4   | Found a runed translucent gate.
 26188 | Lair:4   | Found a runed translucent gate.
 26188 | Lair:4   | Found a runed translucent gate.
 26192 | Lair:4   | Noticed a minotaur
 26198 | Lair:4   | Noticed a seven-headed hydra
 26198 | Lair:4   | Noticed PeterMcNeter's ghost (journeyman DrAE)
 26215 | Lair:4   | Reached XP level 13. HP: 90/90 MP: 3/23
 26833 | Lair:4   | Noticed Sonja
 27275 | Lair:4   | Killed Sonja
 29073 | Lair:5   | Reached skill level 5 in Transmutations
 29490 | Lair:5   | Identified the +5 quarterstaff of the Protecting Oracle
                  | {venom, rF+ Dex+5}
 30051 | Lair:5   | Found a staircase to the Slime Pits.
 30051 | Lair:5   | Identified the +10 long sword of Destiny {spect, SInv}
 30052 | Lair:5   | Found a viscous altar of Jiyva.
 30316 | Lair:5   | Reached skill level 10 in Earth Magic
 31250 | Lair:6   | Entered Level 6 of the Lair of Beasts
 31502 | Lair:6   | Identified the +8 long sword "Iteoliunk" {freeze, rN+
                  | Str+4}
 31842 | Lair:6   | Identified the +6 hand axe of Recklessness {drain, rN+++
                  | Str-3 Int-4 Stlth+}
 32420 | Lair:2   | Reached skill level 7 in Unarmed Combat
 32835 | Lair:2   | Reached XP level 14. HP: 98/98 MP: 11/25
 33454 | Lair:2   | Reached skill level 10 in Fighting
 33742 | Orc:1    | Entered Level 1 of the Orcish Mines
 33984 | Orc:1    | Reached skill level 8 in Unarmed Combat
 35011 | Orc:2    | Entered Level 2 of the Orcish Mines
 35011 | Orc:2    | Found Riuladd's General Store.
 35011 | Orc:2    | Found a staircase to the Elven Halls.
 35100 | Orc:1    | Bought the ring of Ruxuusititt {rF+ rC+ rN+ Str+2} for 813
                  | gold pieces
 37244 | Orc:2    | Found Peq Noka's Armour Shop.
 37244 | Orc:2    | Found Mufra's Jewellery Shop.
 37254 | Orc:2    | Reached skill level 9 in Unarmed Combat
 37449 | Orc:2    | Found Neirgh's Weapon Shoppe.
 37449 | Orc:2    | Found Yhetru's Assorted Antiques.
 37613 | Orc:2    | Bought the +2 shield of Resistance {rF++ rC++ Will++} for
                  | 973 gold pieces
 37613 | Orc:2    | Found the +2 shield of Resistance {rF++ rC++ Will++}
 37768 | D:8      | Killed Harold
 37917 | D:7      | Killed Menkaure
 38407 | D:10     | Reached skill level 5 in Shields
 41072 | D:13     | Reached XP level 15. HP: 99/105 MP: 22/28
 41290 | D:13     | Found a runed translucent door.
 41290 | D:13     | Found a shimmering altar of Xom.
 41290 | D:13     | Noticed Maxmaps's ghost (adept FoSk)
 41491 | D:13     | Noticed Rupert
 41813 | D:14     | Found a gate to the Vaults.
 42812 | D:14     | Reached skill level 10 in Shields
 45046 | Lair:6   | Learned a level 6 spell: Statue Form
 48332 | D:15     | Entered Level 15 of the Dungeon
 48759 | D:15     | Found a staircase to the Depths.
 48796 | D:15     | Reached XP level 16. HP: 110/110 MP: 29/29
 48872 | D:15     | Found Juihulut's Assorted Antiques.
 48947 | D:15     | Bought 2 potions of heal wounds for 270 gold pieces
 49159 | D:15     | Found Fexelae's Antique Armour Shop.
 49208 | D:15     | Found a runed translucent door.
 49831 | D:11     | Bought a +4 ring of slaying for 1170 gold pieces
 49935 | Spider:1 | Entered Level 1 of the Spider Nest
 52169 | Spider:3 | Identified the ring of Doklot {rPois rN++ rCorr Dex-4}
 52260 | Spider:3 | Reached skill level 15 in Shields
 53297 | Spider:4 | Entered Level 4 of the Spider Nest
 53511 | Spider:4 | Reached XP level 17. HP: 117/117 MP: 30/30
 53912 | Orc:1    | Bought the amulet of Honoloit {Regen+ Str+3} for 779 gold
                  | pieces
 54155 | Spider:3 | Bought the ring of the Mage {Wiz Will++ Int+3} for 672 gold
                  | pieces
 54155 | Spider:3 | Found the ring of the Mage {Wiz Will++ Int+3}
 54264 | Spider:4 | Reached skill level 10 in Unarmed Combat
 55304 | Spider:4 | Got a gossamer rune of Zot
 55752 | Shoals:1 | Entered Level 1 of the Shoals
 55762 | Shoals:1 | Reached skill level 11 in Unarmed Combat
 55868 | Shoals:1 | Found a runed translucent gate.
 55868 | Shoals:1 | Found a runed translucent gate.
 55868 | Shoals:1 | Found a runed translucent gate.
 56672 | Shoals:2 | Found a flickering gateway to a bazaar.
 56680 | Shoals:2 | Noticed Donald
 56694 | Shoals:2 | Killed Donald
 56708 | Bazaar   | Entered a bazaar
 56759 | Bazaar   | Found Fischupn's Antique Weapon Emporium.
 56768 | Bazaar   | Found Xempeig's Weapon Shoppe.
 56773 | Bazaar   | Found Xeodgh's Antique Weapon Boutique.
 56777 | Bazaar   | Found Ofor's General Store.
 57043 | Shoals:2 | Noticed Nikola
 57124 | Shoals:2 | Killed Nikola
 57145 | Shoals:2 | Reached XP level 18. HP: 126/126 MP: 31/31
 57422 | Shoals:2 | Reached skill level 10 in Evocations
 58022 | Shoals:3 | Reached skill level 12 in Unarmed Combat
 58796 | Shoals:4 | Entered Level 4 of the Shoals
 58859 | Shoals:4 | Noticed Bai Suzhen
 58876 | Shoals:4 | Killed Bai Suzhen
 58951 | Shoals:4 | Identified the +1 robe "Gimyizxifi" {Int+3}
 59204 | Shoals:4 | Identified a scroll of acquirement
 59232 | Shoals:4 | Acquired 850 gold pieces
 59367 | Shoals:4 | Reached skill level 13 in Unarmed Combat
 59879 | Shoals:4 | Got a barnacled rune of Zot
 60032 | Shoals:4 | Got Punab's Spellweaving for Novices
 60490 | D:13     | Killed Maxmaps's ghost
 60552 | D:13     | Killed Rupert
 60583 | Vaults:1 | Entered Level 1 of the Vaults
 60841 | Vaults:1 | Reached XP level 19. HP: 137/137 MP: 32/32
 60863 | Vaults:1 | Reached skill level 14 in Unarmed Combat
 60901 | Vaults:1 | Reached skill level 15 in Fighting
 60951 | Vaults:1 | Learned a level 7 spell: Storm Form
 61110 | Vaults:1 | Found Vaim's Weapon Shop.
 61143 | Vaults:1 | Reached skill level 5 in Air Magic
 61986 | Vaults:2 | Reached skill level 15 in Unarmed Combat
 62915 | Vaults:2 | Reached XP level 20. HP: 147/147 MP: 33/33
 63176 | Vaults:2 | Found Qumik's Assorted Antiques.
 63242 | Vaults:2 | Reached skill level 16 in Unarmed Combat
 63353 | Vaults:2 | Bought a potion of haste for 240 gold pieces
 63353 | Vaults:2 | Bought a scroll of teleportation for 72 gold pieces
 63353 | Vaults:2 | Bought a potion of might for 96 gold pieces
 63594 | Vaults:2 | Found Esinuu's Antique Armour Shoppe.
 63878 | Vaults:3 | Found Hioleallog's Antique Weapon Boutique.
 64428 | Vaults:3 | Reached skill level 5 in Dodging
 64734 | Vaults:3 | Found a basalt altar of Yredelemnul.
 64739 | Vaults:3 | Found a staircase to the Crypt.
 64750 | Vaults:3 | Found an ancient bone altar of Kikubaaqudgha.
 65016 | Vaults:3 | Noticed Margery
 65246 | Vaults:3 | Reached skill level 10 in Transmutations
 65402 | Vaults:3 | Killed Margery
 65403 | Vaults:3 | Reached XP level 21. HP: 144/153 MP: 34/34
 65895 | Vaults:3 | Reached skill level 17 in Unarmed Combat
 66574 | Vaults:4 | Reached skill level 10 in Air Magic
 66585 | Vaults:4 | Noticed Sojobo
 66593 | Vaults:4 | Killed Sojobo
 67010 | Vaults:4 | Acquired 689 gold pieces
 67293 | Vaults:4 | Noticed Mara
 67299 | Vaults:4 | Noticed ABBCCCDDDD's illusion
 67299 | Vaults:4 | Killed Mara
 67479 | Vaults:4 | Reached skill level 18 in Unarmed Combat
 67499 | Vaults:4 | Reached skill level 10 in Dodging
 67660 | Vaults:4 | Reached XP level 22. HP: 160/160 MP: 35/35
 68189 | Depths:1 | Entered Level 1 of the Depths
 68878 | Depths:1 | Found a runed translucent gate.
 68879 | Depths:1 | Found a runed translucent gate.
 68881 | Depths:1 | Found a runed translucent gate.
 68882 | Depths:1 | Noticed Hycionoc's ghost (master GrEE)
 68883 | Depths:1 | Noticed a dread lich
 68944 | Depths:1 | Found a one-way gate to the infinite horrors of the Abyss.
 68945 | Depths:1 | Noticed Louise
 68958 | Depths:1 | Killed Louise
 68998 | Depths:1 | Found a gateway to Hell.
 69069 | Depths:1 | Found Geghiuts's Armour Emporium.
 69089 | Depths:1 | Found Yseggeh's Neck Hole.
 69277 | Depths:1 | Killed a dread lich
 69278 | Depths:1 | Reached skill level 10 in Spellcasting
 69304 | Depths:1 | Killed from afar by Hycionoc's ghost

Table legend: (Time is in decaauts)
 A = Elapsed time spent in this place.
 B = Non-inter-level travel time spent in this place.
 C = Inter-level travel time spent in this place.
 D = Time resting spent in this place.
 E = Time spent auto-exploring this place.
 F = Levels seen in this place.
 G = Mean time per level.
                   A        B        C        D        E       F      G
               +--------+--------+--------+--------+--------+-----+--------+
         Total |  73234 |  67950 |   5284 |  24012 |  29315 |  39 | 1877.8 |
       Dungeon |  29928 |  26918 |   3010 |  11414 |   9862 |  15 | 1995.2 |
        Temple |    140 |     72 |     68 |      0 |     56 |   1 |  140.0 |
          Lair |  16215 |  15143 |   1072 |   7505 |   5049 |   6 | 2702.5 |
        Shoals |   5229 |   5082 |    147 |    192 |   3627 |   4 | 1307.2 |
   Spider Nest |   6420 |   5996 |    424 |   1091 |   3402 |   4 | 1605.0 |
  Orcish Mines |   4341 |   4063 |    278 |   2218 |   1163 |   2 | 2170.5 |
        Vaults |   8926 |   8644 |    282 |   1090 |   5404 |   4 | 2231.5 |
        Depths |    774 |    774 |      0 |      0 |    508 |   1 |  774.0 |
        Bazaar |    114 |    114 |      0 |      0 |    106 |   1 |  114.0 |
        Bailey |   1143 |   1143 |      0 |    501 |    137 |   1 | 1143.0 |
               +--------+--------+--------+--------+--------+-----+--------+

Top non-repeatable levels by time:
     D:6: 3462 daAuts
  Lair:4: 3369 daAuts
  Lair:5: 3282 daAuts
Vaults:3: 3040 daAuts
     D:7: 2861 daAuts
    D:13: 2665 daAuts
    D:10: 2630 daAuts
  Lair:6: 2588 daAuts
   Orc:1: 2531 daAuts
    D:11: 2521 daAuts
  Lair:3: 2515 daAuts
Vaults:2: 2476 daAuts
  Lair:2: 2424 daAuts
     D:9: 2352 daAuts
    D:12: 2278 daAuts

Table legend:
 A = Kills in this place as a percentage of kills in entire the game.
 B = Kills by you in this place as a percentage of kills by you in the entire game.
 C = Kills by friends in this place as a percentage of kills by friends in the entire game.
 D = Other kills in this place as a percentage of other kills in the entire game.
 E = Experience gained in this place as a percentage of experience gained in the entire game.
 F = Experience gained in this place divided by the number of levels of this place that you have seen.
                   A       B       C       D       E      F
               +-------+-------+-------+-------+-------+----------------------
         Total | 100.0 | 100.0 | 100.0 | 100.0 | 100.0 | 16661.3
       Dungeon |  23.4 |  22.8 |   8.3 |  50.0 |  10.5 | 4543.6
          Lair |  13.3 |  13.8 |   8.3 |   0.0 |   9.4 | 10139.2
        Shoals |  10.2 |  10.4 |  16.7 |   0.0 |  12.3 | 19907.2
   Spider Nest |  15.0 |  15.5 |   0.0 |   0.0 |  13.4 | 21823.8
  Orcish Mines |   6.7 |   7.0 |   0.0 |   0.0 |   2.1 | 6869.0
        Vaults |  25.6 |  26.0 |  66.7 |   0.0 |  44.6 | 72485.2
        Depths |   2.9 |   3.0 |   0.0 |   0.0 |   7.4 | 47892.0
        Bailey |   2.8 |   1.5 |   0.0 |  50.0 |   0.4 | 2308.0
               +-------+-------+-------+-------+-------+----------------------

Action                   |  1- 3 |  4- 6 |  7- 9 | 10-12 | 13-15 | 16-18 | 19-21 | 22-24 || total
-------------------------+-------+-------+-------+-------+-------+-------+-------+-------++-------
Melee: Unarmed           |    71 |    95 |   263 |   459 |   308 |   805 |   862 |   140 ||  3003
       Tentacles         |    19 |    15 |    55 |   119 |    82 |   168 |   199 |    37 ||   694
       Constrict         |    20 |    22 |    45 |    65 |    35 |   173 |   127 |    18 ||   505
       Punch             |     1 |     4 |    19 |    22 |    21 |    93 |   112 |    28 ||   300
Throw: Dart              |     3 |     4 |    85 |   107 |    49 |     5 |     1 |       ||   254
       Stone             |     1 |       |       |       |       |       |       |       ||     1
       Boomerang         |       |       |     1 |     1 |       |       |       |       ||     2
 Cast: Mephitic Cloud    |       |       |     2 |    48 |     6 |       |       |       ||    56
       Bolt of Magma     |       |       |       |   102 |   182 |    44 |       |       ||   328
       Fulminant Prism   |       |       |       |     8 |    15 |       |       |       ||    23
       Stone Arrow       |       |       |       |       |   520 |    66 |       |       ||   586
       Petrify           |       |       |       |       |     9 |       |       |       ||     9
       Statue Form       |       |       |       |       |    10 |   110 |    69 |    12 ||   201
Invok: Call Merchant     |       |       |       |       |     2 |     1 |       |       ||     3
 Abil: End Transformatio |       |       |       |       |       |     1 |       |       ||     1
Evoke: Phial of floods   |       |       |       |     2 |     2 |       |       |       ||     4
       Wand              |       |       |       |    25 |    16 |     3 |     1 |       ||    45
  Use: Scroll            |       |       |    12 |     8 |     9 |    13 |     5 |     1 ||    48
       Potion            |       |       |     5 |     1 |     2 |     1 |       |       ||     9
 Stab: Sleeping          |     6 |     5 |     1 |     4 |     1 |     9 |     1 |       ||    27
       Distracted        |       |       |     1 |     4 |     3 |     8 |     8 |     1 ||    25
       Confused          |       |       |     1 |     5 |     2 |       |       |       ||     8
       Petrified         |       |       |       |       |    13 |       |       |       ||    13
       Invisible         |       |       |       |       |     1 |       |       |       ||     1
Armor: Skin              |     8 |     3 |    11 |   134 |   137 |   819 |   307 |    88 ||  1507
Dodge: Dodged            |    55 |    56 |   191 |   335 |   324 |   641 |   279 |    74 ||  1955
Block: Buckler           |       |       |       |     6 |   175 |   138 |       |       ||   319
       Kite shield       |       |       |       |       |       |   793 |   785 |   158 ||  1736
       Reflection        |       |       |       |       |       |       |    42 |     3 ||    45

Vanquished Creatures
  A dread lich (Depths:1)
  Mara (Vaults:4)
  Sojobo (Vaults:4)
  Margery (Vaults:3)
  Bai Suzhen (Shoals:4)
  Nikola (Shoals:2)
  Rupert (D:13)
  A lich (Depths:1)
  2 krakens
  3 sphinxes (Vaults:4)
  3 tengu reavers
  The ghost of Maxmaps the Warrior, an adept FoSk of Cheibriados (D:13)
  Donald (Shoals:2)
  An orc warlord (Vaults:3)
  A spectral juggernaut (Depths:1)
  2 frost giants
  11 vault wardens
  4 ghost moths
  Louise (Depths:1)
  4 emperor scorpions (Spider:4)
  20 very ugly things
  15 ironbound preservers
  2 war gargoyles
  3 stone giants
  5 dire elephants
  4 entropy weavers
  2 spark wasps
  A merfolk javelineer (Shoals:4)
  5 ettins
  A fire dragon (Depths:1)
  2 jiangshi (Depths:1)
  7 merfolk impalers
  5 yaktaur captains
  A rakshasa (Depths:1)
  5 great orbs of eyes
  9 ironbound thunderhulks
  9 vault guards
  Harold (D:8)
  A spectral sphinx (Depths:1)
  3 hydras
  2 peacekeepers
  A juggernaut simulacrum (Depths:1)
  7 boulder beetles
  19 centaur warriors
  4 two-headed ogres
  Erica (D:7)
  4 alligator snapping turtles
  11 ironbound frosthearts
  4 catoblepae (Lair:6)
  2 merfolk aquamancers
  2 merfolk avatars
  An ogre mage (Vaults:2)
  14 death yaks
  A satyr (Shoals:4)
  A deep troll shaman (Depths:1)
  5 tengu warriors
  6 orc high priests
  2 vampire magi (Depths:1)
  13 hell knights
  Sonja (Lair:4)
  9 ironbound beastmasters
  5 skeletal warriors (D:13)
  2 iron trolls (Depths:1)
  7 sea snakes
  A spectral iron dragon (Depths:1)
  54 deep trolls
  A kraken simulacrum (Shoals:1)
  11 lindwurms
  2 phantasmal warriors
  8 wizards
  6 necromancers
  18 ironbound convokers
  Pikel (D:5)
  3 deep elf pyromancers
  11 orc knights
  30 wolf spiders
  A stone giant zombie (Vaults:3)
  29 orb spiders
  17 harpies
  A tengu skeleton (Vaults:1)
  4 orc sorcerers (Orc:2)
  37 ugly things
  2 oklob plants (Lair:4)
  16 manticores
  A fire giant zombie (Vaults:1)
  4 moths of wrath
  2 stone giant skeletons
  7 cyclopes
  A torpor snail (Lair:4)
  4 water nymphs
  5 merfolk sirens
  5 black mambas
  14 vault sentinels
  A gargoyle (D:12)
  A spectral elf (Depths:1)
  3 elephants (Lair:5)
  A frost giant skeleton (Vaults:3)
  8 cane toads
  A yaktaur zombie (Vaults:4)
  An efreet (D:13)
  A freezing wraith (D:15)
  2 kobold demonologists
  5 rime drakes
  14 demonic crawlers
  8 komodo dragons
  A tengu conjurer (Shoals:3)
  23 yaktaurs
  A polar bear (Lair:4)
  20 merfolk
  2 trolls
  3 hornets (Spider:4)
  A polar bear (shapeshifter) (D:15)
  13 blink frogs
  A blink frog (shapeshifter) (D:12)
  6 wind drakes
  An iron dragon simulacrum (Depths:1)
  Prince Ribbit (D:7)
  29 jumping spiders
  19 dream sheep
  9 snapping turtles
  38 slime creatures
  6 water elementals
  60 redbacks
  67 yaks
  Sigmund (D:2)
  A shadow (D:11)
  34 tarantellas
  A vampire (D:13)
  2 elf simulacra (Depths:1)
  4 wyverns
  An alligator snapping turtle simulacrum (Shoals:1)
  A sea snake simulacrum (Shoals:1)
  A steam dragon (D:10)
  3 basilisks
  A human (shapeshifter) (D:14)
  5 wargs (Orc:1)
  Menkaure (D:7)
  4 death yak simulacra (Shoals:1)
  A harpy simulacrum (Shoals:1)
  10 vampire mosquitoes
  2 acid dragons
  Duvessa (D:7)
  16 water moccasins
  7 hell hounds (D:10)
  47 orc warriors
  An ogre skeleton (Vaults:4)
  4 satyr simulacra (Shoals:1)
  An ice beast (D:7)
  3 sky beasts
  4 black bears
  7 ogres
  9 wolves
  20 centaurs
  A lemure (D:5)
  A kobold brigand (D:6)
  3 human zombies
  13 bullfrogs
  A merfolk simulacrum (Shoals:1)
  Dowan (D:7)
  3 scorpions
  3 faun simulacra (Shoals:1)
  A water moccasin skeleton (D:5)
  5 manticore simulacra (Shoals:1)
  3 wights (D:8)
  A snapping turtle simulacrum (Shoals:1)
  8 electric eels
  17 howler monkeys
  2 bullfrog zombies (D:6)
  4 centaur zombies
  A jelly (D:4)
  3 hounds
  24 orc priests
  2 centaur skeletons
  A cyclops simulacrum (Shoals:1)
  3 bullfrog skeletons
  33 orc wizards
  A centaur simulacrum (Shoals:1)
  A hound skeleton (D:4)
  A gnoll (D:9)
  2 adders
  A shadow imp (D:8)
  2 white imps (D:7)
  An adder skeleton (D:4)
  2 dart slugs
  83 orcs
  6 bats
  5 endoplasms
  3 giant cockroaches
  13 goblins
  10 hobgoblins
  3 jackals (D:1)
  11 kobolds
  4 quokkas
  7 ball pythons
  2 frilled lizards (D:3)
  A rat (D:1)
  A plant (Shoals:4)
  7 tentacles
1404 creatures vanquished.

Vanquished Creatures (collateral kills)
  2 merfolk javelineers (Shoals:4)
  A yaktaur captain (Vaults:2)
  A dancing weapon (D:14)
  3 deep trolls
  An ironbound convoker (Vaults:4)
  A wizard (Vaults:4)
  2 yaktaurs
  A dream sheep (Lair:6)
12 creatures vanquished.

Vanquished Creatures (others)
  2 dancing weapons (D:13)
  A lindwurm (Vaults:1)
  23 fulminant prisms
  89 fungi
  172 plants
  14 tentacles
301 creatures vanquished.

Grand Total: 1717 creatures vanquished
